 Dungeon Crawl Stone Soup version 0.31-a0-986-g5e6e4ef867 (webtiles) character file.

Game seed: 7475636340989300147

553 Elsrick the Chopper (level 7, -5/61 HPs)
             Began as a Hill Orc Fighter on Nov 24, 2023.
             Was a Follower of Beogh.
             Slain by an iguana (29 damage)
             ... on level 4 of the Dungeon.
             The game lasted 00:13:59 (3645 turns).

Elsrick the Chopper (Hill Orc Fighter)              Turns: 3645, Time: 00:13:59

Health: -5/61      AC:  9    Str: 27    XL:     7   Next: 29%
Magic:  7/7        EV:  2    Int:  8    God:    Beogh [*.....]
Gold:   115        SH:  0    Dex: 10    Spells: 6/6 levels left

rFire   . . .        a - +0 war axe
rCold   . . .        (no shield)
rNeg    . . .        b - +0 scale mail
rPois   .            r - +1 helmet {SInv}
rElec   .            (no cloak)
rCorr   .            (no gloves)
SInv    +            (no boots)
Will    +....        (no amulet) Stlth
                     l - ring of willpower
HPRegen 0.30/turn    z - +6 ring of strength
MPRegen 0.10/turn

%: no passive effects
@: sleeping
A: no striking features
a: Renounce Religion


You were on level 4 of the Dungeon.
You worshipped Beogh.
Beogh was aware of your devotion.
You visited 1 branch of the dungeon, and saw 4 of its levels.
You also visited: Sewer.

You collected 141 gold pieces.
You spent 26 gold pieces at shops.

Inventory:

Hand Weapons
 a - a +0 war axe (weapon)
Missiles
 e - 5 curare-tipped darts (quivered)
 h - 31 poisoned darts
 k - 5 atropa-tipped darts
Armour
 b - a +0 scale mail (worn)
 c - a +0 buckler
 q - a +1 hat
 r - a +1 helmet of see invisible (worn)
Jewellery
 l - a ring of willpower (left hand)
 o - a ring of protection from cold
 u - a ring of protection from cold
 z - a +6 ring of strength (right hand)
 A - a ring of magical power
Talismans
 f - a flux talisman
Scrolls
 i - a scroll of fog {unknown}
 s - 4 scrolls of identify
 v - a scroll of amnesia {unknown}
 w - a scroll of fear {unknown}
 y - a scroll of teleportation {unknown}
 B - a scroll of silence {unknown}
Potions
 d - a potion of might
 g - a potion of degeneration {unknown}
 j - a potion of resistance {unknown}
 m - a potion of attraction {unknown}
 n - 4 potions of curing
 p - a potion of heal wounds {unknown}
 t - 2 potions of haste {unknown}
 x - 2 potions of brilliance {unknown}
 C - a potion of invisibility {unknown}


   Skills:
 + Level 5.5 Fighting
 + Level 6.6 Axes
 * Level 2.7 Throwing
 + Level 4.6 Armour
 + Level 0.7 Stealth
 - Level 3.4 Shields


You had 6 spell levels left.
You didn't know any spells.
Your spell library contained the following spells:

 Spells                   Type           Power      Damage    Failure   Level
 Magic Dart               Conj           0%         1d3       67%         1
 Poisonous Vapours        Pois/Air       0%         N/A       80%         2
 Searing Ray              Conj           0%         2d4       80%         2
 Mephitic Cloud           Conj/Pois/Air  0%         N/A       95%         3
 Fulminant Prism          Conj/Hex       0%         3d5       100%        4
 Freezing Cloud           Conj/Ice/Air   0%         6-21      100%        5


Dungeon Overview and Level Annotations

Branches:
Dungeon (4/15)              Sewer (visited)
 Temple: D:4-7

Altars:
Cheibriados
Ru

Shops:
D:3 [   D:4 ?


Message History

You slash the hobgoblin!
You kill the hobgoblin!
Beogh accepts your kill.
No target in view!
No target in view!
No target in view!
No target in view!
No target in view!
No target in view!
No target in view!
No target in view!
No target in view!
You see here a ball python corpse.
There is a stone staircase leading down here.
You now have 115 gold pieces (gained 9).
You see here a +0 dagger.
s - 4 scrolls of identify (gained 1)
You see here a +0 dagger.
Found a sacrificial altar of Ru.
An iguana comes into view.
You see here a ring of flight.
A sleepcap comes into view.
The iguana barely misses you.
You hit the iguana but do no damage. The iguana bites you!
You slash the iguana!
The iguana is heavily wounded.
The iguana bites you but does no damage.
You barely miss the iguana.
The iguana is heavily wounded.
The iguana bites you!
You barely miss the iguana.
The iguana is heavily wounded.
You hit the sleepcap but do no damage. The sleepcap barely misses you.
The iguana bites you. The iguana bites you!
The sleepcap releases spores at you.
You are engulfed in a cloud of soporific spores!
You fall asleep.
The sleepcap releases spores at you but does no damage.
The iguana bites you!!
You die...

#....)....#..#
########...>.#
########.##.#
#........##.#
#........##.#
########..=.....+ .#
#...............# .#
#................###
......f@.........#
......l≈≈≈≈≈≈≈...#
.........≈≈≈≈≈≈..#
.......8...._≈≈..#
#........≈≈≈≈≈≈..#
#......≈≈≈≈≈≈≈..#
#...............
#.........#.###


You could see a sleepcap and an iguana.

Vanquished Creatures
  5 kobold brigands (Sewer)
  7 adders
  4 river rats (Sewer)
  4 worms
  2 dart slugs
  13 endoplasms
  4 giant cockroaches
  7 goblins
  7 hobgoblins
  12 jackals
  7 quokkas
  7 ball pythons
  2 bats
  A frilled lizard (D:1)
  15 kobolds
  9 rats
106 creatures vanquished.

Vanquished Creatures (others)
  A frilled lizard (D:3)
1 creature vanquished.

Grand Total: 107 creatures vanquished

Notes
Turn   | Place    | Note
-------+----------+-------------------------------------------
     0 | D:1      | Elsrick the Hill Orc Fighter began the quest for the Orb.
     0 | D:1      | Reached XP level 1. HP: 19/19 MP: 1/1
   100 | D:1      | Reached XP level 2. HP: 27/27 MP: 2/2
   195 | D:1      | Reached skill level 3 in Axes
   313 | D:1      | Reached XP level 3. HP: 33/33 MP: 3/3
   612 | D:1      | Reached skill level 1 in Throwing
  1055 | D:2      | Reached XP level 4. HP: 37/40 MP: 4/4
  1147 | D:2      | Reached skill level 4 in Axes
  1407 | D:2      | Found a faded altar of an unknown god.
  1511 | D:2      | Found a snail-covered altar of Cheibriados.
  1600 | D:3      | Became a worshipper of Beogh the Brigand
  1660 | D:3      | Found Biurucw's Armour Shop.
  1888 | D:3      | Found a glowing drain.
  1899 | Sewer    | Entered a sewer
  1923 | Sewer    | Reached XP level 5. HP: 46/46 MP: 5/5
  1997 | Sewer    | Noticed a kobold brigand
  2010 | Sewer    | Killed a kobold brigand
  2011 | Sewer    | Reached skill level 5 in Axes
  2187 | Sewer    | Noticed a kobold brigand
  2200 | Sewer    | Reached * piety under Beogh
  2206 | Sewer    | Killed a kobold brigand
  2207 | Sewer    | Reached skill level 5 in Fighting
  2207 | Sewer    | Reached XP level 6. HP: 40/56 MP: 6/6
  2576 | Sewer    | Reached skill level 6 in Axes
  2633 | Sewer    | Reached XP level 7. HP: 18/61 MP: 7/7
  3528 | D:4      | Found Syqiog's Magic Scroll Shop.
  3537 | D:4      | Bought a scroll of identify for 26 gold pieces
  3634 | D:4      | Found a sacrificial altar of Ru.
  3645 | D:4      | Slain by an iguana

Illustrated notes

Levels and vault maps discovered:
D:1:      dpeg_arrival_tiny_k, layout_loops_ring
D:2:      layout_basic, basic_altar, hellmonk_ecumenical_altar_prayer_group,
          nrook_mini_backslash
D:3:      layout_loops_ring, gup_sewer_entry_bubbles, serial_shops, shop
D:4:      layout_basic, mainiacjoe_overflow_catwalk, serial_shops,
          nicolae_diamond_shop

Skill      XL: |  1  2  3  4  5  6 |
---------------+-------------------+-----
Axes           | 3 4 5 6 |  6.6
Throwing       | 1 2 |  2.7
Fighting       | 4 5 |  5.5
Armour         | 4 |  4.6
Stealth        | |  0.7
Shields        | |  3.4

Action                     |  1- 3 |  4- 6 |  7- 9 || total
---------------------------+-------+-------+-------++-------
  Melee: War axe           |   100 |   203 |    53 ||   356
         Punch             |       |     1 |       ||     1
 Invoke: Convert to Beogh  |       |     1 |       ||     1
    Use: Potion            |       |     1 |       ||     1
 Armour: Scale mail        |    82 |   141 |    38 ||   261
  Dodge: Dodged            |    57 |    86 |    30 ||   173
  Block: Buckler           |    23 |     9 |       ||    32

Table legend: (Time is in decaauts)
 A = Elapsed time spent in this place.
 B = Non-inter-level travel time spent in this place.
 C = Inter-level travel time spent in this place.
 D = Time resting spent in this place.
 E = Time spent auto-exploring this place.
 F = Levels seen in this place.
 G = Mean time per level.
                   A        B        C        D        E       F      G
               +--------+--------+--------+--------+--------+-----+--------+
         Total |   3937 |   3833 |    104 |    289 |   2547 |   5 |  787.4 |
       Dungeon |   2563 |   2459 |    104 |      0 |   1804 |   4 |  640.8 |
         Sewer |   1373 |   1373 |      0 |    289 |    743 |   1 | 1373.0 |
               +--------+--------+--------+--------+--------+-----+--------+

Top non-repeatable levels by time:
   Sewer: 1373 daAuts
     D:1: 864 daAuts
     D:3: 812 daAuts
     D:2: 761 daAuts
     D:4: 125 daAuts
